 Dungeon Crawl Stone Soup version 0.22-a0-609-gfedc9ff (webtiles) character file.

25 Hebeh the Firebug (level 2, -3/16 HPs)
             Began as a Deep Elf Fire Elementalist on July 10, 2018.
             Slain by a kobold
             ... wielding a cursed +0 whip
              (5 damage)
             ... on level 1 of the Dungeon.
             The game lasted 00:03:01 (586 turns).

Hebeh the Firebug (Deep Elf Fire Elementalist)       Turns: 586, Time: 00:03:02

Health: -3/16      AC:  2    Str:  5    XL:     2   Next: 82%
Magic:  2/8        EV: 13    Int: 19    God:
Gold:   9          SH:  0    Dex: 15    Spells: 7/8 levels left

rFire    . . .     SeeInvis .   (no weapon)
rCold    . . .     Gourm    .   (no shield)
rNeg     . . .     Faith    .   a - +0 robe
rPois    .         Spirit   .   (no helmet)
rElec    .         Reflect  .   (no cloak)
rCorr    .         Harm     .   (no gloves)
MR       .....                  (no boots)
Stlth    ++........             (no amulet)
HPRegen  0.05/turn              (no ring)
MPRegen  0.11/turn              (no ring)

@: very slightly contaminated
A: no striking features
a: no special abilities


You were on level 1 of the Dungeon.
You were not hungry.

You visited 1 branch of the dungeon, and saw 2 of its levels.

You collected 9 gold pieces.

Inventory:

Missiles
 b - 24 stones (quivered)
Armour
 a - a +0 robe (worn)
Scrolls
 d - 2 scrolls of identify {unknown}
 e - 3 scrolls of fog {unknown}
Comestibles
 c - a ration
 f - 3 chunks of flesh


   Skills:
 + Level 0.3 Fighting
 + Level 0.5 Throwing
 - Level 2.4 Dodging
 - Level 2.4 Stealth
 * Level 3.5 Spellcasting
 * Level 1.8 Conjurations
 * Level 3.6 Fire Magic


You had 7 spell levels left.
You knew the following spells:

 Your Spells              Type           Power        Failure   Level  Hunger
a - Flame Tongue          Conj/Fire      ##...        4%          1    None

Your spell library contained the following spells:

 Spells                   Type           Power        Failure   Level  Hunger
 Fireball                 Conj/Fire      ##........   78%         5    ######.
 Conjure Flame            Conj/Fire      ##......     14%         3    ###....
 Throw Flame              Conj/Fire      ##....       7%          2    ##.....
 Sticky Flame             Conj/Fire      ##......     43%         4    ####...
 Inner Flame              Hex/Fire       ##......     21%         3    ###....


Dungeon Overview and Level Annotations

Branches:
Dungeon (2/15)

Altars:


Message History

There is a stone staircase leading down here.
The leopard gecko closely misses you.
You climb downwards.
A dart slug comes into view.
There is a stone staircase leading up here.
The leopard gecko bites you.
You climb upwards.
The kobold barely misses you. The kobold closely misses you.
There is a stone staircase leading down here.
You barely miss the leopard gecko.
The leopard gecko is severely wounded.
The leopard gecko closely misses you. The kobold closely misses you.
You hit the leopard gecko but do no damage.
The leopard gecko is severely wounded.
The leopard gecko barely misses you. The kobold hits you with a whip.
* * * LOW HITPOINT WARNING * * *
The leopard gecko misses you.
You hit the leopard gecko but do no damage.
The leopard gecko is severely wounded.
The kobold hits you with a whip.
You die...

##.# #..# # #..#
.# #..# ..# #..#
...## #..#.....(
#..(K(.(((
#K###+#... #.@l#.#
#.###.#.#.##
#..........+ .
#.#####.######....
#.#...............
#.........########
###.......# #
#.......# #
#.......# #.


You could see a leopard gecko and a kobold.

Vanquished Creatures
  An ooze (D:1)
  A leopard gecko (D:1)
  A goblin (D:1)
  6 hobgoblins (D:1)
  2 kobolds (D:1)
  3 bats (D:1)
  A frilled lizard (D:1)
  2 rats (D:1)
17 creatures vanquished.

Notes
Turn   | Place    | Note
-------+----------+-------------------------------------------
     0 | D:1      | Hebeh the Deep Elf Fire Elementalist began the quest for the Orb.
     0 | D:1      | Reached XP level 1. HP: 10/10 MP: 6/6
   143 | D:1      | Reached XP level 2. HP: 15/15 MP: 6/8
   586 | D:1      | Slain by a kobold

Vault maps used:
D:1:      dpeg_arrival_lava_temple_mockup
D:2:      grunt_ministairs_2, nicolae_tso_swordbearing_angel, uniq_terence

Action                   || total
-------------------------++-------
Melee: Unarmed           ||     3
Throw: Stone             ||    34
 Cast: Flame Tongue      ||    31
Armor: Robe              ||     7
Dodge: Dodged            ||    26

Table legend:
 A = Spawn XP
 B = Non-spawn XP
 C = Spawn XP percentage of total XP
 D = Spawn monster count
 E = Non-spawn monster count
 F = Spawn count percentage of total count
 G = Total turns spent on level
                    A         B        C        D         E        F      G
               +---------+---------+-------+---------+---------+-------+---------
         Total |       0 |      36 |   0.0 |       0 |      17 |   0.0 |   586
               +---------+---------+-------+---------+---------+-------+---------
           D:1 |       0 |      36 |   0.0 |       0 |      17 |   0.0 |   584
               +---------+---------+-------+---------+---------+-------+---------
